 Dungeon Crawl Stone Soup version 0.29.1 (webtiles) character file.

Game seed: 847056237394405607

39 LustLizard the Magician (level 3, 0/25 HPs)
             Began as a Djinni Fire Elementalist on Sept 14, 2022.
             Slain by Jessica
             ... wielding a +0 dagger
              (4 damage)
             ... on level 2 of the Dungeon.
             The game lasted 00:02:48 (1891 turns).

LustLizard the Magician (Djinni Fire Elementalist)  Turns: 1891, Time: 00:02:49

Health: 0/25       AC:  3    Str:  7    XL:     3   Next: 67%
Gold:   68         EV: 12    Int: 18    God:
                   SH:  0    Dex: 13

rFire   + + +      SeeInvis .   d - +2 falchion of Cocytus {freeze, rF+ rC+}
rCold   . . .      Faith    .   (no shield)
rNeg    . . .      Spirit   .   a - +0 robe
rPois   ∞          Reflect  .   (no helmet)
rElec   .          Harm     .   (no cloak)
rCorr   .          Rampage  .   f - +0 pair of gloves
Will    .....                   (boots unavailable)
Stlth   ++........              (no amulet)
HPRegen 0.08/turn               o - ring of wizardry
MPRegen 0.00/turn               (no ring)

@: flying
A: sickness immunity, fire resistance 2, cold vulnerability 1, float, innate
caster, HP casting, extra vitality 1
a: no special abilities


You were on level 2 of the Dungeon.
You visited 1 branch of the dungeon, and saw 2 of its levels.

You collected 68 gold pieces.

Inventory:

Hand Weapons
 b - a +0 dagger of venom
 d - the +2 falchion of Cocytus (weapon) {freeze, rF+ rC+}
   (You found it on level 2 of the Dungeon)

   It freezes those it strikes, dealing additional cold damage.
   It can also slow down cold-blooded creatures.
   rF:        It protects you from fire.
   rC:        It protects you from cold.
Missiles
 i - 3 poisoned darts
Armour
 a - a +0 robe (worn)
 f - a +0 pair of gloves (worn)
Magical Staves
 e - a staff of poison
Jewellery
 o - a ring of wizardry (left hand)
Scrolls
 h - 3 scrolls of enchant weapon {unknown}
 l - a scroll of noise {unknown}
 m - a scroll of magic mapping {unknown}
 n - a scroll of immolation {unknown}
Potions
 c - a potion of haste
 g - 2 potions of curing
 j - 3 potions of might
 k - a potion of heal wounds {unknown}
 p - 2 potions of degeneration {unknown}
 q - 2 potions of mutation {unknown}


   Skills:
 - Level 2.1 Dodging
 * Level 2.5 Stealth
 * Level 3.0 Spellcasting


You couldn't memorise any spells.
You knew the following spells:

 Your Spells              Type           Power      Damage    Failure   Level
a - Foxfire               Conj/Fire      52%        2x1d6     1%          1
b - Scorch                Fire           26%        2d6       2%          2
c - Conjure Flame         Conj/Fire      13%        6-21      6%          3
d - Inner Flame           Hex/Fire       13%        N/A       6%          3
e - Flame Wave            Conj/Fire      13%        2d6       19%         4
f - Freeze                Ice            52%        1d7       1%          1
Your spell library was empty.

Dungeon Overview and Level Annotations

Branches:
Dungeon (2/15)

Altars:

Annotations:
D:2 Jessica


Innate Abilities, Weirdness & Mutations

You are immune to sickness and miasma.
You are immune to poison.
Your flesh is very heat resistant. (rF++)
You are vulnerable to cold. (rC-)
You float through the air rather than walking.
You learn spells naturally, not from books.
Your magical power is your life essence.
You have superior vitality. (+4 MHP)


Message History

Your magical contamination has completely faded away.
The foxfire hits Jessica.
Jessica completely resists.
Jessica is lightly wounded.
The foxfire hits Jessica.
Jessica resists.
Jessica is moderately wounded.
Jessica mumbles some strange words.
Jessica seems to speed up.
Casting: Foxfire (safe; 1% risk of failure)
Confirm with . or Enter, or press ? or * to list all spells.
You conjure some foxfire!
The foxfire hits Jessica.
Jessica resists.
Jessica is moderately wounded.
The foxfire hits Jessica but does no damage.
Jessica is moderately wounded.
Jessica closely misses you.
Casting: Foxfire (safe; 1% risk of failure)
Confirm with . or Enter, or press ? or * to list all spells.
You conjure some foxfire!
Jessica hits you but does no damage.
You barely miss Jessica.
Jessica is moderately wounded.
The foxfire hits Jessica but does no damage.
Jessica is moderately wounded.
The foxfire hits Jessica.
Jessica resists.
Jessica is heavily wounded.
Jessica hits you but does no damage. Jessica hits you with a +0 dagger.
Casting: Foxfire (safe; 1% risk of failure)
Confirm with . or Enter, or press ? or * to list all spells.
You conjure some foxfire!
* * * LOW HITPOINT WARNING * * *
Jessica hits you with a +0 dagger.
* * * LOW HITPOINT WARNING * * *
Unknown command.
You closely miss Jessica.
Jessica is heavily wounded.
The foxfire hits Jessica.
Jessica completely resists.
Jessica is heavily wounded.
The foxfire hits Jessica.
Jessica resists.
Jessica is heavily wounded.
Jessica barely misses you. Jessica hits you with a +0 dagger.
You die...

#........# #........# ########
+........ #......# #...r...
#......# ### #...... #......#
#.. ..##..... #......# #.#
........## #......# #.#
###..#######.....)#######.#
#........@@§......'........
.....#.######.#......#######'#
######.# #†#......#........
..# #.#......#........ ####
#.#......#........
#.#......#........
#.#......#........
#.#......#........ #.#
#..(.....


You could see Jessica (fast).

Vanquished Creatures
  A gnoll (D:1)
  A worm (D:2)
  An endoplasm (D:2)
  A giant cockroach (D:1)
  3 goblins
  A hobgoblin (D:2)
  3 quokkas (D:2)
  3 ball pythons (D:1)
  3 bats
  2 frilled lizards
  4 kobolds
  3 rats
26 creatures vanquished.

Vanquished Creatures (others)
  64 foxfires
64 creatures vanquished.

Grand Total: 90 creatures vanquished

Notes
Turn   | Place    | Note
-------+----------+-------------------------------------------
     0 | D:1      | LustLizard the Djinni Fire Elementalist began the quest for
                  | the Orb.
     0 | D:1      | LustLizard set off with the following spells memorised:
                  | Foxfire, Scorch, Conjure Flame, Inner Flame, Flame Wave.
     0 | D:1      | Reached XP level 1. HP: 15/15 MP: 0/0
   407 | D:1      | Reached XP level 2. HP: 18/21 MP: 0/0
   697 | D:1      | Found a faded altar of an unknown god.
   880 | D:1      | Reached XP level 3. HP: 23/25 MP: 0/0
   880 | D:1      | Learned a level 1 spell: Freeze
  1102 | D:2      | Identified the +2 falchion of Cocytus {freeze, rF+ rC+}
  1863 | D:2      | Noticed Jessica
  1865 | D:2      | Reached skill level 3 in Spellcasting
  1891 | D:2      | Slain by Jessica

Illustrated notes

Levels and vault maps discovered:
D:1:      wheals_arrival_linesprint, layout_basic,
          nicolae_ecumenical_lake_church, minmay_tetromino_i4
D:2:      layout_basic, chequers_mini_garden, uniq_jessica

Skill      XL: |  1  2  3 |
---------------+----------+-----
Stealth        | 2 |  2.5
Spellcasting   | 3 |  3.0
Dodging        | |  2.1

Action                   || total
-------------------------++-------
Melee: Dagger            ||     6
       Falchion          ||    22
       Punch             ||     1
 Cast: Foxfire           ||    36
  Use: Scroll            ||     3
 Stab: Sleeping          ||     1
Armor: Robe              ||     4
Dodge: Dodged            ||    33
